 Dungeon Crawl Stone Soup version 0.28-a0-79-g444c7a33f5 (webtiles) character file.

Game seed: 18052009543636695418

102 Mitsuki the Shield-Bearer (level 4, -3/41 HPs)
             Began as a Minotaur Fighter on July 28, 2021.
             Slain by a shadow imp (5 damage)
             ... summoned by Natasha
             ... on level 2 of the Dungeon on Aug 3, 2021.
             The game lasted 00:01:58 (1362 turns).

Mitsuki the Shield-Bearer (Minotaur Fighter)        Turns: 1362, Time: 00:01:59

Health: -3/41      AC:  7    Str: 21    XL:     4   Next: 50%
Magic:  3/3        EV:  7    Int:  5    God:
Gold:   138        SH:  9    Dex: 10    Spells: 3/3 levels left

rFire   . . .      SeeInvis .   a - +0 long sword
rCold   . . .      Faith    .   c - +0 kite shield
rNeg    . . .      Spirit   .   b - +0 scale mail
rPois   .          Reflect  .   (helmet restricted)
rElec   .          Harm     .   (no cloak)
rCorr   .          Rampage  .   (no gloves)
Will    .....                   (no boots)
Stlth   ..........              f - amulet of the acrobat
HPRegen 0.13/turn               (no ring)
MPRegen 0.08/turn               (no ring)

@: mighty, slowed, very slow
A: horns 2, retaliatory headbutt
a: no special abilities


You were on level 2 of the Dungeon.
You visited 1 branch of the dungeon, and saw 2 of its levels.

You collected 138 gold pieces.

Inventory:

Hand Weapons
 a - a +0 long sword (weapon)
Armour
 b - a +0 scale mail (worn)
 c - a +0 kite shield (worn)
Jewellery
 f - an amulet of the acrobat (around neck)
Scrolls
 e - 2 scrolls of teleportation {unknown}
 g - a scroll of identify {unknown}


   Skills:
 + Level 4.4 Fighting
 + Level 3.5 Long Blades
 + Level 4.4 Armour
 + Level 4.5 Shields


You had 3 spell levels left.
You didn't know any spells.
Your spell library contained the following spells:

 Spells                   Type           Power      Damage    Failure   Level
 Gell's Gravitas          Tloc           0%         N/A       100%        3
 Teleport Other           Tloc           0%         N/A       100%        3
 Dispersal                Tloc           0%         N/A       100%        6


Dungeon Overview and Level Annotations

Branches:
Dungeon (2/15)

Altars:

Annotations:
D:2 Natasha


Innate Abilities, Weirdness & Mutations

You have a pair of horns on your head.
You reflexively headbutt those who attack you in melee.


Message History

You kill Natasha!
Natasha screams in fury as she dies!
The white imp disappears in a puff of smoke!
The iron imp disappears in a puff of smoke!
Natasha, Servant of Life and Death comes into view.
You regained 2 hp, and now have 17/41 hp.
Natasha hisses angrily.
Natasha casts a spell at you.
You feel yourself slow down.
You see here the felid corpse of Natasha.
You hit Natasha.
Natasha is moderately wounded.
Natasha casts a spell.
You block Natasha's attack.
You closely miss Natasha.
Natasha is moderately wounded.
Natasha claws you but does no damage. Natasha closely misses you.
You furiously retaliate!
You headbutt Natasha. You closely miss Natasha.
Natasha is heavily wounded.
Natasha claws you but does no damage. The shadow imp gestures at you.
You barely resist. Natasha casts a spell at you. The magic dart hits you.
The shadow imp hits you but does no damage.
You take 4 damage, and have 14/41 hp.
You closely miss Natasha.
Natasha is heavily wounded.
Natasha casts a spell.
The shadow imp gestures at you. Pain shoots through your body!
* * * LOW HITPOINT WARNING * * *
Natasha casts a spell.
You block the shadow imp's attack.
You take 9 damage, and have 5/41 hp.
MASSIVE DAMAGE!!
You feel very mighty all of a sudden. Natasha claws you.
* * * LOW HITPOINT WARNING * * *
The shadow imp hits you.
You die...

....# .##### ...#.#######
########### ...........#
#.......... .#.#.##....#
.......... ............
....... ##.####.##.. ....
##.##...#########5#######
...............5@h.......
##################.##.#..
..# #.# .. ... ... ....


You could see an iron imp (summoned), Natasha and a shadow imp (summoned).

Vanquished Creatures
  Natasha (twice) (D:2)
  An adder (D:2)
  2 dart slugs
  5 endoplasms
  3 goblins (D:1)
  2 hobgoblins
  7 jackals (D:2)
  3 quokkas (D:1)
  4 ball pythons
  4 bats (D:1)
  2 frilled lizards (D:1)
  A kobold (D:1)
  A rat (D:1)
37 creatures vanquished.

Notes
Turn   | Place    | Note
-------+----------+-------------------------------------------
     0 | D:1      | Mitsuki the Minotaur Fighter began the quest for the Orb.
     0 | D:1      | Reached XP level 1. HP: 19/19 MP: 0/0
     0 | D:1      | Upgraded the game from 0.28-a0-43-g560ac104fe to
                  | 0.28-a0-79-g444c7a33f5
   290 | D:1      | Reached XP level 2. HP: 14/27 MP: 1/1
  1210 | D:2      | Reached XP level 3. HP: 27/33 MP: 2/2
  1287 | D:2      | Noticed Natasha
  1299 | D:2      | Killed Natasha
  1300 | D:2      | Reached XP level 4. HP: 18/41 MP: 3/3
  1326 | D:2      | Noticed Natasha
  1336 | D:2      | Killed Natasha
  1356 | D:2      | Noticed Natasha
  1362 | D:2      | HP: 2/41 [Natasha (3)]
  1362 | D:2      | Slain by a shadow imp

Illustrated notes

Levels and vault maps discovered:
D:1:      psy_arrival_spokes, layout_basic
D:2:      layout_basic, hellmonk_ecumenical_altar_watching_god, serial_shops,
          shop_fountains, minmay_quantized, uniq_natasha, uniq_robin

Skill      XL: |  1  2 |
---------------+-------+-----
Armour         | 4 |  4.4
Fighting       | 4 |  4.4
Shields        | 4 |  4.5
Long Blades    | 3 |  3.5

Action                   |  1- 3 |  4- 6 || total
-------------------------+-------+-------++-------
Melee: Long sword        |    79 |     9 ||    88
       Headbutt          |    16 |     2 ||    18
  Use: Potion            |       |     1 ||     1
Armor: Scale mail        |    26 |     3 ||    29
Dodge: Dodged            |    31 |     3 ||    34
Block: Kite shield       |    43 |     4 ||    47
       Rpst.: Long sword |     8 |       ||     8

Table legend: (Time is in decaauts)
 A = Elapsed time spent in this place.
 B = Non-inter-level travel time spent in this place.
 C = Inter-level travel time spent in this place.
 D = Time resting spent in this place.
 E = Time spent auto-exploring this place.
 F = Levels seen in this place.
 G = Mean time per level.
                   A        B        C        D        E       F      G
               +--------+--------+--------+--------+--------+-----+--------+
         Total |   1406 |   1292 |    114 |      0 |   1081 |   2 |  703.0 |
       Dungeon |   1406 |   1292 |    114 |      0 |   1081 |   2 |  703.0 |
               +--------+--------+--------+--------+--------+-----+--------+

Top non-repeatable levels by time:
     D:1: 1226 daAuts
     D:2: 179 daAuts
